[Event "FIDE Women World Rapid 2024"]
[Site "New York"]
[Date "2024.12.27"]
[Round "8.10"]
[White "Kaliakhmet, Elnaz"]
[Black "Tokhirjonova, Gulrukhbegim"]
[Result "0-1"]
[ECO "D38"]
[WhiteElo "2113"]
[BlackElo "2385"]
[Annotator "ChessBase"]
[PlyCount "90"]
[EventDate "2024.12.14"]
[EventType "swiss"]
[EventCountry "USA"]
[SourceTitle "playchess.com"]
[Source "ChessBase"]
[SourceQuality "1"]
[TimeControl "900+10"]

1. d4 Nf6 2. Nf3 d5 3. c4 e6 4. Nc3 Bb4 5. Qa4+ Nc6 6. e3 O-O 7. Qc2 Re8 8. Bd2 a6 9. a3 Bf8 10. Bd3 h6 11. O-O dxc4 12. Bxc4 Bd6 13. Rad1 Qe7 14. Ne2 e5 15. dxe5 Nxe5 16. Nxe5 Qxe5 17. Ng3 Bg4 18. Rc1 b5 19. Bc3 Qg5 20. Be2 Bxe2 21. Bxf6 Qxf6 22. Qxe2 c5 23. Rfd1 c4 24. Rd2 Be5 25. Rcd1 Rad8 26. Nf1 Rxd2 27. Rxd2 Rd8 28. Rc2 Rd3 29. f4 Bc7 30. Rd2 Rb3 31. a4 Bb6 32. g3 Qe6 33. Kf2 bxa4 34. Qf3 a3 35. bxa3 c3 36. Re2 Rb2 37. f5 Qc4 38. f6 gxf6 39. Qa8+ Kg7 40. Qf3 Ba5 41. Rxb2 cxb2 42. Qf5 h5 43. Kg1 Qc1 44. Qxh5 b1=Q 45. Qg4+ Qg6 0-1

[Event "FIDE Women World Rapid 2024"]
[Site "New York"]
[Date "2024.12.27"]
[Round "8.11"]
[White "Garifullina, Leya"]
[Black "Kashlinskaya, Alina"]
[Result "1-0"]
[ECO "C77"]
[WhiteElo "2451"]
[BlackElo "2493"]
[Annotator "ChessBase"]
[PlyCount "123"]
[EventDate "2024.12.14"]
[EventType "swiss"]
[EventCountry "USA"]
[SourceTitle "playchess.com"]
[Source "ChessBase"]
[SourceQuality "1"]
[TimeControl "900+10"]

1. e4 e5 2. Nf3 Nc6 3. Bb5 a6 4. Ba4 Nf6 5. O-O Be7 6. d3 b5 7. Bb3 d6 8. a3 O-O 9. Nc3 Na5 10. Ba2 c5 11. Bg5 Be6 12. Bxf6 Bxf6 13. Nd5 Nc6 14. c3 Rc8 15. a4 g6 16. Nxf6+ Qxf6 17. Bxe6 Qxe6 18. axb5 axb5 19. Ra6 h6 20. h3 f5 21. Rb6 b4 22. Qa4 fxe4 23. dxe4 d5 24. exd5 Qxd5 25. Rd1 Qe6 26. Nxe5 Qxe5 27. Rxc6 Qf5 28. Rd2 Rce8 29. Qd1 bxc3 30. bxc3 Rf6 31. Rxf6 Qxf6 32. Qg4 Re7 33. Rd3 Kg7 34. Rf3 Qd6 35. Qf4 Re1+ 36. Kh2 Qxf4+ 37. Rxf4 Rc1 38. Rc4 Kf6 39. Rxc5 g5 40. Rc6+ Kg7 41. c4 h5 42. h4 g4 43. c5 Rc3 44. Rc8 Kh7 45. c6 Kg7 46. c7 g3+ 47. fxg3 Kh7 48. Kh3 Kg7 49. Rd8 Rxc7 50. g4 Rc3+ 51. g3 hxg4+ 52. Kxg4 Rc5 53. h5 Kh6 54. Rd6+ Kg7 55. Kh4 Kh7 56. g4 Kg7 57. h6+ Kh7 58. g5 Rc1 59. Rd7+ Kg8 60. Kh5 Rc6 61. Rd8+ Kh7 62. g6+ 1-0

[Event "FIDE Women World Rapid 2024"]
[Site "New York"]
[Date "2024.12.27"]
[Round "8.11"]
[White "Sliwicka, Alicja"]
[Black "Munguntuul, Batkhuyag"]
[Result "1/2-1/2"]
[ECO "B43"]
[WhiteElo "2346"]
[BlackElo "2342"]
[Annotator "ChessBase"]
[PlyCount "140"]
[EventDate "2024.12.14"]
[EventType "swiss"]
[EventCountry "USA"]
[SourceTitle "playchess.com"]
[Source "ChessBase"]
[SourceQuality "1"]
[TimeControl "900+10"]

1. e4 c5 2. Nf3 e6 3. d4 cxd4 4. Nxd4 Nc6 5. Nc3 Qc7 6. Nb3 a6 7. Bd3 b5 8. O-O Bb7 9. f4 d6 10. Bd2 Nf6 11. Qf3 Be7 12. Rae1 O-O 13. Qh3 b4 14. Ne2 e5 15. Ng3 Bc8 16. Nf5 Bxf5 17. Qxf5 a5 18. fxe5 dxe5 19. Be3 Rfd8 20. Nd2 g6 21. Qf2 Nd4 22. Nc4 Rf8 23. h3 Ne6 24. Qg3 Nd7 25. Bh6 Rfe8 26. Kh1 Bf8 27. Bc1 Bg7 28. Ne3 Nf4 29. Bc4 Nb6 30. Bb5 Red8 31. Ng4 h5 32. Ne3 Qc5 33. Be2 Rd6 34. b3 Rad8 35. Bc4 R8d7 36. Qg5 Bf6 37. Qg3 Kh7 38. Qf3 Bg7 39. Kh2 Ne6 40. Rd1 Rxd1 41. Rxd1 Ng5 42. Qe2 Rxd1 43. Nxd1 Nxc4 44. Bxg5 Nd6 45. Be7 Qc6 46. Bxd6 Qxd6 47. Qd3 Qc5 48. Ne3 Bh6 49. Nd5 Bf4+ 50. Nxf4 exf4 51. Qf3 Qe5 52. Kh1 Kg7 53. Qd3 g5 54. Kg1 g4 55. Kf2 Qc5+ 56. Kf1 g3 57. Qd2 Qe5 58. Qd3 Qa1+ 59. Ke2 Qg1 60. Qf3 Qc1 61. Kd3 Kg6 62. h4 Qb2 63. Qxf4 Qc3+ 64. Ke2 Qxc2+ 65. Ke3 Qc5+ 66. Ke2 Qc2+ 67. Ke3 Qc3+ 68. Ke2 Qc2+ 69. Ke3 Qc3+ 70. Ke2 Qc2+ 1/2-1/2

[Event "FIDE Women World Rapid 2024"]
[Site "New York"]
[Date "2024.12.27"]
[Round "8.12"]
[White "Bodnaruk, Anastasia"]
[Black "Vaishali, Rameshbabu"]
[Result "1-0"]
[ECO "C72"]
[WhiteElo "2333"]
[BlackElo "2476"]
[Annotator "ChessBase"]
[PlyCount "69"]
[EventDate "2024.12.14"]
[EventType "swiss"]
[EventCountry "USA"]
[SourceTitle "playchess.com"]
[Source "ChessBase"]
[SourceQuality "1"]
[TimeControl "900+10"]

1. e4 e5 2. Nf3 Nc6 3. Bb5 a6 4. Ba4 d6 5. O-O Bd7 6. d4 exd4 7. Bxc6 bxc6 8. Qxd4 Nf6 9. h3 Be7 10. c4 O-O 11. Nc3 c5 12. Qd3 Bc6 13. Nh2 Nd7 14. Ng4 Bf6 15. Nxf6+ Qxf6 16. Bd2 Rae8 17. Rae1 Qg6 18. Nd5 Nb6 19. Re3 Nxd5 20. exd5 Rxe3 21. Qxg6 hxg6 22. fxe3 Bb7 23. Ba5 Rc8 24. Rd1 c6 25. e4 cxd5 26. exd5 Kf8 27. Rd3 Ba8 28. Rb3 Ke7 29. Rb6 f5 30. Bd2 Rc7 31. Bg5+ Kf7 32. Rxd6 Bb7 33. Kf2 Bc8 34. b3 Bb7 35. Bd8 1-0

[Event "FIDE Women World Rapid 2024"]
[Site "New York"]
[Date "2024.12.27"]
[Round "8.12"]
[White "Belenkaya, Dina"]
[Black "Skripchenko, Almira"]
[Result "1-0"]
[ECO "D26"]
[WhiteElo "2155"]
[BlackElo "2364"]
[Annotator "ChessBase"]
[PlyCount "88"]
[EventDate "2024.12.14"]
[EventType "swiss"]
[EventCountry "USA"]
[SourceTitle "playchess.com"]
[Source "ChessBase"]
[SourceQuality "1"]
[TimeControl "900+10"]

1. d4 d5 2. c4 dxc4 3. Nf3 Nf6 4. e3 e6 5. Bxc4 a6 6. O-O b6 7. Qe2 Bb7 8. Rd1 Nbd7 9. Nc3 c5 10. d5 exd5 11. Nxd5 Nxd5 12. Bxd5 Bxd5 13. Rxd5 Qc7 14. e4 Be7 15. Bg5 Bxg5 16. Nxg5 O-O 17. e5 h6 18. Nf3 Rfe8 19. Rad1 Nf8 20. Qd3 b5 21. Rd6 c4 22. Qd5 Qa5 23. a3 c3 24. bxc3 Qxc3 25. Qa2 Ne6 26. R6d3 Qc6 27. Qd2 Rad8 28. Rd6 Qc5 29. Qb4 Qc2 30. Qe1 Qa4 31. R1d3 Rc8 32. g3 Rc4 33. Qd1 Rec8 34. Kg2 Qxd1 35. Rxd1 Ra4 36. R1d3 Rcc4 37. Rb6 g5 38. h3 Kg7 39. Nd2 Rd4 40. Rxd4 Rxd4 41. Nb1 Rd1 42. Nc3 Rd3 43. Rc6 Nd4 44. Rc8 Ne6 1-0

[Event "FIDE Women World Rapid 2024"]
[Site "New York"]
[Date "2024.12.27"]
[Round "8.13"]
[White "Muzychuk, Mariya"]
[Black "Mou, Iris"]
[Result "1-0"]
[ECO "B01"]
[WhiteElo "2490"]
[BlackElo "2226"]
[Annotator "ChessBase"]
[PlyCount "143"]
[EventDate "2024.12.14"]
[EventType "swiss"]
[EventCountry "USA"]
[SourceTitle "playchess.com"]
[Source "ChessBase"]
[SourceQuality "1"]
[TimeControl "900+10"]

1. e4 d5 2. exd5 Nf6 3. Nf3 Nxd5 4. d4 Bg4 5. Be2 Nc6 6. O-O e6 7. h3 Bh5 8. c3 Bd6 9. Ne5 Bxe2 10. Qxe2 Nce7 11. Qb5+ c6 12. Qxb7 Bxe5 13. dxe5 Nb6 14. Bg5 Qd7 15. Qxd7+ Nxd7 16. Bxe7 Kxe7 17. f4 Rab8 18. b3 Nc5 19. Nd2 Rhd8 20. Nc4 Rd3 21. Nd6 Nb7 22. Ne4 Rbd8 23. Rae1 f5 24. exf6+ gxf6 25. Re2 R8d5 26. Rfe1 Rd1 27. Kf2 Rxe1 28. Kxe1 Rf5 29. g3 Rh5 30. h4 Rd5 31. Rd2 h5 32. Ke2 Nd8 33. c4 Ra5 34. Nd6 Ra3 35. Ke3 Ra5 36. a4 Ra6 37. Rd3 Ra5 38. Kd2 Ra6 39. Kc3 c5 40. Ne4 Nb7 41. Re3 Kf7 42. Nf2 Nd6 43. g4 hxg4 44. Nxg4 Nf5 45. Rh3 Rb6 46. h5 Rb8 47. Rd3 Ke7 48. Nf2 Nd4 49. Kb2 Ne2 50. f5 Nf4 51. Re3 e5 52. Ne4 Rc8 53. h6 a5 54. Rg3 Rh8 55. Rg7+ Kf8 56. Ra7 Rxh6 57. Nxc5 Rh2+ 58. Ka3 Re2 59. Nd7+ Ke8 60. Nxf6+ Kf8 61. Rxa5 e4 62. Re5 e3 63. Nd5 Ng2 64. a5 Re1 65. Kb4 e2 66. f6 Nh4 67. Nc3 Kf7 68. Rxe2 Rxe2 69. Nxe2 Kxf6 70. a6 Nf5 71. a7 Nd6 72. a8=Q 1-0

[Event "FIDE Women World Rapid 2024"]
[Site "New York"]
[Date "2024.12.27"]
[Round "8.13"]
[White "Kulon, Klaudia"]
[Black "Mkrtchyan, Mariam"]
[Result "1-0"]
[ECO "E05"]
[WhiteElo "2391"]
[BlackElo "2325"]
[Annotator "ChessBase"]
[PlyCount "97"]
[EventDate "2024.12.14"]
[EventType "swiss"]
[EventCountry "USA"]
[SourceTitle "playchess.com"]
[Source "ChessBase"]
[SourceQuality "1"]
[TimeControl "900+10"]

1. c4 e6 2. g3 d5 3. Bg2 Nf6 4. Nf3 Be7 5. O-O O-O 6. d4 dxc4 7. Qc2 a6 8. Qxc4 b5 9. Qc2 Bb7 10. Bd2 Ra7 11. a4 Nc6 12. axb5 axb5 13. Rxa7 Nxa7 14. Nc3 c5 15. dxc5 Bxc5 16. Ne5 Bxg2 17. Kxg2 Qa8+ 18. f3 Bd4 19. Nd3 Qb7 20. Qb3 Rb8 21. Bf4 Rc8 22. Ra1 h6 23. h4 Bxc3 24. bxc3 Nd5 25. Bd2 Qb6 26. Ne5 Ne3+ 27. Kh3 Nc4 28. Nxc4 Rxc4 29. Qa3 Rc7 30. c4 Qb7 31. Bf4 Rd7 32. Rb1 Qc6 33. Be3 Qb7 34. Qa5 Kh7 35. cxb5 Nc8 36. Qa6 Qb8 37. Rc1 Ne7 38. b6 Nf5 39. Bf2 Qe5 40. b7 Qb2 41. b8=Q Qxb8 42. g4 Ne7 43. h5 Nd5 44. Bg3 Qb3 45. Qa8 Qb7 46. Qa3 Nb6 47. Rb1 Qc6 48. Qa6 Rb7 49. Bf2 1-0

[Event "FIDE Women World Rapid 2024"]
[Site "New York"]
[Date "2024.12.27"]
[Round "8.14"]
[White "Zhao, Xue"]
[Black "Charkhalashvili, Inga"]
[Result "1-0"]
[ECO "A12"]
[WhiteElo "2442"]
[BlackElo "2240"]
[Annotator "ChessBase"]
[PlyCount "105"]
[EventDate "2024.12.14"]
[EventType "swiss"]
[EventCountry "USA"]
[SourceTitle "playchess.com"]
[Source "ChessBase"]
[SourceQuality "1"]
[TimeControl "900+10"]

1. Nf3 Nf6 2. e3 d5 3. b3 g6 4. c4 c6 5. Bb2 Bg7 6. cxd5 cxd5 7. Bb5+ Bd7 8. Be2 O-O 9. d3 Nc6 10. Nbd2 Qb8 11. Rc1 a5 12. O-O Rd8 13. a3 Bf5 14. Rc2 e5 15. Qa1 Ne8 16. e4 dxe4 17. dxe4 Bg4 18. Bb5 Bxf3 19. Nxf3 Na7 20. Bc4 Nc6 21. Rd1 Rxd1+ 22. Qxd1 Nd6 23. Bd5 Ra6 24. h4 Qe8 25. Rd2 Qe7 26. g3 Bf6 27. Kg2 Kg7 28. Qc2 Nb5 29. Bc4 Rb6 30. Qd1 Nbd4 31. Nxd4 exd4 32. Bd5 Rb5 33. Qf3 Ne5 34. Qd1 h5 35. a4 Rxd5 36. exd5 Ng4 37. Bxd4 Bxd4 38. Rxd4 Qd6 39. Qd2 b6 40. Qf4 Ne5 41. Re4 f6 42. Rd4 Kh7 43. Qc1 Kg7 44. Qc8 Kf7 45. Rd2 Ke7 46. Qb7+ Kf8 47. Rc2 Nd7 48. Rc7 Ke7 49. Qc6 g5 50. Kf1 gxh4 51. gxh4 f5 52. Kg2 f4 53. Kf3 1-0

[Event "FIDE Women World Rapid 2024"]
[Site "New York"]
[Date "2024.12.27"]
[Round "8.14"]
[White "Mamedjarova, Turkan"]
[Black "Priyanka Nutakki"]
[Result "1-0"]
[ECO "D35"]
[WhiteElo "2197"]
[BlackElo "2296"]
[Annotator "ChessBase"]
[PlyCount "119"]
[EventDate "2024.12.14"]
[EventType "swiss"]
[EventCountry "USA"]
[SourceTitle "playchess.com"]
[Source "ChessBase"]
[SourceQuality "1"]
[TimeControl "900+10"]

1. d4 d5 2. c4 e6 3. cxd5 exd5 4. Nc3 Nf6 5. Bg5 Be7 6. e3 h6 7. Bh4 O-O 8. Bd3 c6 9. Nge2 Ne8 10. Bg3 Nd6 11. Qc2 Re8 12. O-O Bf8 13. Nf4 a5 14. Rfe1 Na6 15. a3 b5 16. f3 Nc4 17. e4 dxe4 18. Bxe4 Bd7 19. d5 Qb6+ 20. Kh1 Nc5 21. Bf2 Qc7 22. dxc6 Bxc6 23. Nxb5 Bxb5 24. Bxa8 Rxa8 25. Nd5 Qb7 26. Rad1 Ne6 27. Qe4 Nd6 28. Qg4 Bc6 29. Nf6+ Kh8 30. Nh5 Ng5 31. h4 f5 32. Qg3 Qf7 33. Rxd6 Bxd6 34. Qxd6 Qxh5 35. Qxc6 Rb8 36. Kg1 Nh7 37. Re7 Nf6 38. Rxg7 Kxg7 39. Qc7+ Nd7 40. Bd4+ Kg8 41. Qxd7 Qf7 42. Qd6 Re8 43. Qxh6 Qh7 44. Qg5+ Kf7 45. Qf6+ Kg8 46. b4 axb4 47. axb4 Re1+ 48. Kf2 Re7 49. b5 Re8 50. b6 Rf8 51. Qg5+ Kf7 52. b7 Rb8 53. Qf6+ Kg8 54. Qe6+ Qf7 55. Qc8+ Qf8 56. Qc7 Re8 57. Be5 Qh6 58. Qc4+ Kf8 59. Qb4+ Kg8 60. b8=Q 1-0

[Event "FIDE Women World Rapid 2024"]
[Site "New York"]
[Date "2024.12.27"]
[Round "8.15"]
[White "Danielian, Elina"]
[Black "Huang, Qian"]
[Result "1/2-1/2"]
[ECO "B09"]
[WhiteElo "2398"]
[BlackElo "2370"]
[Annotator "ChessBase"]
[PlyCount "137"]
[EventDate "2024.12.14"]
[EventType "swiss"]
[EventCountry "USA"]
[SourceTitle "playchess.com"]
[Source "ChessBase"]
[SourceQuality "1"]
[TimeControl "900+10"]

1. d4 d6 2. e4 Nf6 3. Nc3 g6 4. f4 Bg7 5. Nf3 c5 6. dxc5 Qa5 7. Bd3 Qxc5 8. Qe2 Nc6 9. a3 O-O 10. Bd2 Bg4 11. Be3 Qa5 12. O-O d5 13. b4 Qd8 14. e5 d4 15. exf6 Bxf6 16. Ne4 dxe3 17. Nxf6+ exf6 18. Qxe3 Re8 19. Qf2 Bxf3 20. Qxf3 Qd4+ 21. Qf2 Qc3 22. h4 f5 23. h5 Kg7 24. Qh4 h6 25. hxg6 fxg6 26. Kh2 Re6 27. Rad1 Rae8 28. Rf3 Qf6 29. Qxf6+ Kxf6 30. Bb5 a6 31. Ba4 Rd8 32. Rxd8 Nxd8 33. Rd3 Nf7 34. Rd7 Re7 35. Rd2 g5 36. g3 Re4 37. fxg5+ hxg5 38. Bb3 Re7 39. Kg2 f4 40. gxf4 gxf4 41. Bxf7 Rxf7 42. Kf3 Ke5 43. c4 Rh7 44. Rd5+ Ke6 45. Rd8 Rh3+ 46. Kxf4 Rh4+ 47. Ke3 Rxc4 48. Kd3 b5 49. Rh8 Kd5 50. Rh6 Rd4+ 51. Kc3 Rc4+ 52. Kd3 Rd4+ 53. Ke3 Re4+ 54. Kf3 Re6 55. Rxe6 Kxe6 56. Ke4 Kd6 57. Kd4 Kc6 58. Ke5 Kb6 59. Kd5 a5 60. Kd6 axb4 61. axb4 Kb7 62. Kc5 Kc7 63. Kxb5 Kb7 64. Kc5 Kc7 65. b5 Kb7 66. b6 Kb8 67. Kc6 Kc8 68. b7+ Kb8 69. Kb6 1/2-1/2

[Event "FIDE Women World Rapid 2024"]
[Site "New York"]
[Date "2024.12.27"]
[Round "8.15"]
[White "Agrest, Inna"]
[Black "Nilssen, Ellen Fredericia"]
[Result "1/2-1/2"]
[ECO "C12"]
[WhiteElo "2155"]
[BlackElo "2181"]
[Annotator "ChessBase"]
[PlyCount "108"]
[EventDate "2024.12.14"]
[EventType "swiss"]
[EventCountry "USA"]
[SourceTitle "playchess.com"]
[Source "ChessBase"]
[SourceQuality "1"]
[TimeControl "900+10"]

1. e4 e6 2. d4 d5 3. Nc3 Bb4 4. Nge2 Nf6 5. Bg5 h6 6. Bxf6 Qxf6 7. a3 Bxc3+ 8. Nxc3 dxe4 9. Nxe4 Qe7 10. Qd2 Bd7 11. O-O-O Bc6 12. f3 Nd7 13. Bd3 O-O-O 14. Rhe1 Nf6 15. Nxf6 Qxf6 16. Be4 Bd5 17. Kb1 Kb8 18. Qb4 Rhe8 19. Bd3 Bc6 20. Be4 Bd5 21. Rd3 Qe7 22. Qd2 Qg5 23. f4 Qf6 24. g3 g5 25. Qg2 c6 26. fxg5 hxg5 27. Qd2 Bxe4 28. Rxe4 Rh8 29. Re5 Rd5 30. Rxd5 cxd5 31. Qb4 Qd8 32. Rb3 Qd7 33. Qd2 Qe7 34. Qe2 Ka8 35. Rc3 Qd6 36. Qf3 f5 37. Qe2 a6 38. Re3 Rh6 39. Re5 Qb6 40. Qd2 Ka7 41. Re3 Qd6 42. Rb3 f4 43. Ka2 Rf6 44. Qe2 Rf5 45. Qh5 Qc7 46. Rc3 Qf7 47. Qxf7 Rxf7 48. gxf4 Rxf4 49. Re3 Rxd4 50. Rxe6 Rd2 51. Re5 g4 52. Kb3 Rxh2 53. Rxd5 Kb6 54. Rg5 Rg2 1/2-1/2

[Event "FIDE Women World Rapid 2024"]
[Site "New York"]
[Date "2024.12.27"]
[Round "8.16"]
[White "Kiolbasa, Oliwia"]
[Black "Divya Deshmukh"]
[Result "0-1"]
[ECO "C02"]
[WhiteElo "2371"]
[BlackElo "2490"]
[Annotator "ChessBase"]
[PlyCount "104"]
[EventDate "2024.12.14"]
[EventType "swiss"]
[EventCountry "USA"]
[SourceTitle "playchess.com"]
[Source "ChessBase"]
[SourceQuality "1"]
[TimeControl "900+10"]

1. e4 e6 2. d4 d5 3. e5 c5 4. c3 Nc6 5. Nf3 Qb6 6. Na3 cxd4 7. cxd4 Bb4+ 8. Bd2 Nge7 9. Nb5 Bxd2+ 10. Qxd2 Nf5 11. Rd1 Bd7 12. Nc3 O-O 13. Be2 f6 14. exf6 Rxf6 15. O-O Raf8 16. Na4 Qc7 17. Nc5 Be8 18. Qc3 Bh5 19. Rfe1 Bxf3 20. Bxf3 Qf7 21. Bg4 Nfxd4 22. Rxd4 Nxd4 23. Qxd4 Rf4 24. Qd2 Rxg4 25. Nxe6 Re8 26. h3 Rg6 27. Nd4 Rxe1+ 28. Qxe1 h6 29. Qe5 Rf6 30. Nf3 Kh7 31. Qd4 a6 32. Ne5 Qe6 33. Ng4 Rf7 34. Ne3 Rd7 35. Kf1 Qe4 36. Qxe4+ dxe4 37. Ke2 Kg6 38. g3 Kf6 39. h4 h5 40. Nc4 b5 41. Ne3 g5 42. hxg5+ Kxg5 43. Ng2 Rc7 44. Ne1 Rc1 45. b3 Ra1 46. Ng2 Rxa2+ 47. Ke3 Rb2 48. Nf4 Kf5 49. Nxh5 Rxb3+ 50. Kd4 Rd3+ 51. Kc5 Rf3 52. Ng7+ Ke5 0-1

[Event "FIDE Women World Rapid 2024"]
[Site "New York"]
[Date "2024.12.27"]
[Round "8.16"]
[White "Sahithi Varshini M"]
[Black "Fataliyeva, Ulviyya"]
[Result "0-1"]
[ECO "C84"]
[WhiteElo "2309"]
[BlackElo "2381"]
[Annotator "ChessBase"]
[PlyCount "66"]
[EventDate "2024.12.14"]
[EventType "swiss"]
[EventCountry "USA"]
[SourceTitle "playchess.com"]
[Source "ChessBase"]
[SourceQuality "1"]
[TimeControl "900+10"]

1. e4 e5 2. Nf3 Nc6 3. Bb5 a6 4. Ba4 Nf6 5. O-O Be7 6. d3 b5 7. Bb3 d6 8. c3 O-O 9. a4 Rb8 10. a5 b4 11. Nbd2 Be6 12. Nc4 Qc8 13. Ng5 Bg4 14. f3 Bd7 15. f4 h6 16. fxe5 dxe5 17. Nf3 bxc3 18. bxc3 Be6 19. Ba4 Bxc4 20. Bxc6 Bc5+ 21. Kh1 Qe6 22. Ba4 Rfd8 23. Bc2 Nxe4 24. Qe2 Nxc3 25. Qe1 Bxd3 26. Qxc3 Bb4 27. Qxd3 Rxd3 28. Bxd3 e4 29. Be2 exf3 30. Bxf3 Bc3 31. Ra4 Rb1 32. Re4 Qd7 33. Re2 Bd2 0-1

[Event "FIDE Women World Rapid 2024"]
[Site "New York"]
[Date "2024.12.27"]
[Round "8.17"]
[White "Melia, Salome"]
[Black "Wu, Rochelle"]
[Result "1-0"]
[ECO "B52"]
[WhiteElo "2293"]
[BlackElo "2237"]
[Annotator "ChessBase"]
[PlyCount "29"]
[EventDate "2024.12.14"]
[EventType "swiss"]
[EventCountry "USA"]
[SourceTitle "playchess.com"]
[Source "ChessBase"]
[SourceQuality "1"]
[TimeControl "900+10"]

1. e4 c5 2. Nf3 d6 3. Bb5+ Bd7 4. c4 Nc6 5. O-O g6 6. d4 cxd4 7. Nxd4 Bg7 8. Bxc6 bxc6 9. c5 dxc5 10. Nb3 Be6 11. Nxc5 Bc4 12. Re1 Qd4 13. Qxd4 Bxd4 14. Nd2 Bxa2 15. Na6 1-0

[Event "FIDE Women World Rapid 2024"]
[Site "New York"]
[Date "2024.12.27"]
[Round "8.17"]
[White "Mungunzul, Bat-Erdene"]
[Black "Gunina, Valentina"]
[Result "1/2-1/2"]
[ECO "D17"]
[WhiteElo "2268"]
[BlackElo "2425"]
[Annotator "ChessBase"]
[PlyCount "155"]
[EventDate "2024.12.14"]
[EventType "swiss"]
[EventCountry "USA"]
[SourceTitle "playchess.com"]
[Source "ChessBase"]
[SourceQuality "1"]
[TimeControl "900+10"]

1. d4 d5 2. c4 c6 3. Nc3 Nf6 4. Nf3 dxc4 5. a4 Bf5 6. Ne5 Nbd7 7. Nxc4 Nb6 8. Ne5 a5 9. f3 Nfd7 10. Nxd7 Bxd7 11. e4 e6 12. Be3 Bb4 13. Be2 O-O 14. O-O Rc8 15. Qb3 c5 16. dxc5 Bxc5 17. Bxc5 Rxc5 18. Rfd1 Qc7 19. Qa3 Rc8 20. Rd2 h5 21. Rad1 h4 22. h3 Be8 23. Bf1 Rg5 24. Rd6 Kh7 25. Kh1 Bc6 26. R6d2 Qe5 27. Rd4 Rc7 28. Qf8 Qc5 29. Qxc5 Rxc5 30. Ra1 g5 31. Kg1 Kg7 32. Kf2 Nd7 33. Rad1 Ne5 34. Rd8 Nc4 35. Bxc4 Rxc4 36. R8d4 Rb4 37. R1d2 Be8 38. Ke3 Rb3 39. Kf2 Rc8 40. g3 hxg3+ 41. Kxg3 Kf6 42. h4 gxh4+ 43. Kxh4 Ke7 44. Kg3 Bc6 45. Kf4 Rh8 46. Ke3 Rh3 47. Rf2 Rh1 48. f4 Rh3+ 49. Rf3 Rxf3+ 50. Kxf3 Rxb2 51. Ke3 Rh2 52. Rc4 Rh3+ 53. Kd2 f6 54. Rc5 Rf3 55. f5 exf5 56. exf5 Bd7 57. Rxa5 Rxf5 58. Ra7 Bc6 59. a5 Kd6 60. a6 b5 61. Rf7 b4 62. Nd1 Rd5+ 63. Kc1 Ke6 64. Rc7 Rc5+ 65. Kb2 Kd6 66. Rf7 Ra5 67. a7 Bd7 68. Rxf6+ Be6 69. Ne3 Rxa7 70. Nc4+ Kd5 71. Rf4 Rc7 72. Ne3+ Kc5 73. Nc2 Bc4 74. Rf5+ Kd6 75. Nxb4 Be6 76. Rh5 Rc4 77. Nc2 Rf4 78. Kc3 1/2-1/2

[Event "FIDE Women World Rapid 2024"]
[Site "New York"]
[Date "2024.12.27"]
[Round "8.18"]
[White "Maltsevskaya, Aleksandra"]
[Black "Krush, Irina"]
[Result "0-1"]
[ECO "B51"]
[WhiteElo "2368"]
[BlackElo "2378"]
[Annotator "ChessBase"]
[PlyCount "104"]
[EventDate "2024.12.14"]
[EventType "swiss"]
[EventCountry "USA"]
[SourceTitle "playchess.com"]
[Source "ChessBase"]
[SourceQuality "1"]
[TimeControl "900+10"]

1. e4 c5 2. Nf3 d6 3. Bb5+ Nd7 4. d4 cxd4 5. Nxd4 Ngf6 6. O-O e6 7. Re1 Be7 8. Bd3 Nc5 9. c4 Nxd3 10. Qxd3 O-O 11. Nc3 a6 12. b3 Qc7 13. Bb2 b6 14. Rad1 Bb7 15. Qg3 Rfd8 16. Nd5 exd5 17. Nf5 Nh5 18. Qg4 g6 19. exd5 Re8 20. Nh6+ Kf8 21. h4 Bf6 22. Bxf6 Nxf6 23. Qd4 Re5 24. Rxe5 dxe5 25. Qe3 Qd6 26. a3 a5 27. Re1 Re8 28. Rb1 Qc5 29. Qf3 Kg7 30. Re1 Qxa3 31. g4 Qe7 32. g5 Nd7 33. Ng4 Qd6 34. Re3 Bc8 35. Qg3 f5 36. gxf6+ Nxf6 37. Nxe5 Nh5 38. Qh2 Rf8 39. Qg2 Nf4 40. Qe4 Nh3+ 41. Kg2 Rxf2+ 42. Kg3 Rf4 43. Qd3 Rg4+ 44. Kh2 Rg2+ 45. Kxg2 Nf4+ 46. Kf3 Nxd3 47. Nxd3 Qh2 48. Nf4 Qxh4 49. Ng2 Bg4+ 50. Ke4 Qh1 51. Rg3 Bh3 52. Kf3 Qf1+ 0-1

[Event "FIDE Women World Rapid 2024"]
[Site "New York"]
[Date "2024.12.27"]
[Round "8.18"]
[White "Cervantes Landeiro, Thalia"]
[Black "Sultanbek, Zeinep"]
[Result "1-0"]
[ECO "B50"]
[WhiteElo "2307"]
[BlackElo "2101"]
[Annotator "ChessBase"]
[PlyCount "69"]
[EventDate "2024.12.14"]
[EventType "swiss"]
[EventCountry "USA"]
[SourceTitle "playchess.com"]
[Source "ChessBase"]
[SourceQuality "1"]
[TimeControl "900+10"]

1. d4 Nf6 2. c4 g6 3. Nc3 Bg7 4. e4 O-O 5. Nf3 c6 6. Bd3 d6 7. O-O Nbd7 8. h3 e5 9. d5 cxd5 10. cxd5 Nc5 11. Bc2 a5 12. Be3 b6 13. a3 Nh5 14. b4 axb4 15. axb4 Rxa1 16. Qxa1 Na6 17. b5 Nc5 18. Na4 Nf4 19. Nxc5 dxc5 20. Qd1 Bd7 21. Bxf4 exf4 22. Bd3 Re8 23. Qd2 g5 24. Re1 h5 25. Nh2 Qf6 26. Qd1 Qd4 27. Nf3 Qf6 28. e5 Qh6 29. e6 fxe6 30. dxe6 Bxe6 31. Bc4 Qg6 32. Bxe6+ Rxe6 33. Qd5 g4 34. Rxe6 Qf7 35. Ng5 1-0

[Event "FIDE Women World Rapid 2024"]
[Site "New York"]
[Date "2024.12.27"]
[Round "8.19"]
[White "Nurman, Alua"]
[Black "Kamalidenova, Meruert"]
[Result "0-1"]
[ECO "B72"]
[WhiteElo "2330"]
[BlackElo "2378"]
[Annotator "ChessBase"]
[PlyCount "94"]
[EventDate "2024.12.14"]
[EventType "swiss"]
[EventCountry "USA"]
[SourceTitle "playchess.com"]
[Source "ChessBase"]
[SourceQuality "1"]
[TimeControl "900+10"]

1. e4 c5 2. Nf3 d6 3. d4 cxd4 4. Nxd4 Nf6 5. Nc3 g6 6. Be3 Nc6 7. f3 h5 8. Qd2 Nxd4 9. Qxd4 Bg7 10. O-O-O Be6 11. Bb5+ Kf8 12. e5 Nd7 13. f4 a6 14. Bxd7 Qxd7 15. Qb4 a5 16. Qb5 Qxb5 17. Nxb5 Bg4 18. Rd5 dxe5 19. fxe5 Be6 20. Rc5 b6 21. Rc6 Bxe5 22. Bd4 Bxd4 23. Nxd4 Bd5 24. Rxb6 Bxg2 25. Re1 h4 26. Nc6 e6 27. Ne5 h3 28. Rd6 Rh5 29. c4 Rc8 30. Kd2 Kg7 31. b3 Rf5 32. Nd3 g5 33. Rd7 g4 34. Re3 Kf6 35. Rg3 Kg5 36. Ke3 Rf1 37. Ra7 f5 38. Rxa5 Rd8 39. Re5 Kf6 40. Ra5 e5 41. Ke2 e4 42. Nb4 Rdd1 43. Nd5+ Kf7 44. Ra7+ Kg6 45. Nf4+ Kg5 46. Nxg2 hxg2 47. Rxg2 Rfe1+ 0-1

[Event "FIDE Women World Rapid 2024"]
[Site "New York"]
[Date "2024.12.27"]
[Round "8.19"]
[White "Zhukova, Natalia"]
[Black "Serikbay, Assel"]
[Result "1-0"]
[ECO "A29"]
[WhiteElo "2302"]
[BlackElo "2236"]
[Annotator "ChessBase"]
[PlyCount "95"]
[EventDate "2024.12.14"]
[EventType "swiss"]
[EventCountry "USA"]
[SourceTitle "playchess.com"]
[Source "ChessBase"]
[SourceQuality "1"]
[TimeControl "900+10"]

1. c4 e5 2. Nc3 Nf6 3. Nf3 Nc6 4. g3 Bb4 5. Bg2 O-O 6. O-O Re8 7. Nd5 Bf8 8. d3 h6 9. b3 d6 10. Bb2 Be6 11. e4 Bxd5 12. cxd5 Ne7 13. Re1 c6 14. dxc6 Nxc6 15. d4 Rc8 16. Rc1 Qa5 17. Bc3 Qb6 18. d5 Nb8 19. Qd2 Rc5 20. b4 Rc4 21. Qd3 Rec8 22. Nd2 R4c7 23. Bh3 Nbd7 24. a4 a6 25. a5 Qb5 26. Qe3 Nxd5 27. exd5 Qxd5 28. Bb2 Rxc1 29. Rxc1 Rxc1+ 30. Bxc1 Qc6 31. Nf3 Nf6 32. Bd2 Qc2 33. Ne1 Qb1 34. Qd3 Qd1 35. Bg2 e4 36. Qc2 Qe2 37. Bc3 Qxc2 38. Nxc2 Nd5 39. Bd2 f5 40. g4 g6 41. gxf5 gxf5 42. Nd4 Ne7 43. Bh3 d5 44. Bxf5 Bg7 45. Be6+ Kf8 46. Nf5 Nxf5 47. Bxf5 Ke7 48. Bc8 1-0